 Dungeon Crawl Stone Soup version 0.19.0-11-g3fc08b3 (webtiles) character file.

106 Andry07 the Skirmisher (level 4, -6/32 HPs)
             Began as a Gargoyle Fighter on Nov 9, 2016.
             Mangled by Andry07's ghost (8 damage)
             ... on level 3 of the Dungeon.
             The game lasted 00:02:25 (2256 turns).

Andry07 the Skirmisher (Gargoyle Fighter)           Turns: 2256, Time: 00:02:26

Health: -6/32      AC: 15    Str: 19    XL:     4   Next: 84%
Magic:  4/4        EV:  3    Int:  9    God:
Gold:   125        SH:  9    Dex: 10    Spells: 0 memorised, 3 levels left

rFire  . . .     SeeInvis .     a - +0 flail
rCold  . . .     Gourm    .     e - +0 plate armour
rNeg   + . .     Faith    .     c - +0 shield
rPois  ∞         Spirit   .     (no helmet)
rElec  +         Reflect  .     (no cloak)
rCorr  .         Harm     .     (no gloves)
MR     .....                    (no boots)
Stlth  ..........               (no amulet)
                                (no ring)
                                (no ring)

@: no status effects
A: negative energy resistance 1, electricity resistance, unbreathing,
petrification resistance, rot immunity, AC +3
a: no special abilities


You were on level 3 of the Dungeon.
You were not hungry.

You visited 1 branch of the dungeon, and saw 3 of its levels.

You collected 125 gold pieces.

Inventory:

Hand Weapons
 a - a +0 flail (weapon)
Armour
 c - a +0 shield (worn)
 e - a +0 plate armour (worn)
Jewellery
 r - an uncursed ring of protection from magic {unknown}
Scrolls
 h - 2 scrolls of fear {unknown}
 i - 3 scrolls of remove curse {unknown}
 k - a scroll of noise {unknown}
 n - 4 scrolls of identify {unknown}
 p - 2 scrolls of enchant weapon {unknown}
 s - a scroll of teleportation {unknown}
Potions
 b - a potion of agility {unknown}
 d - a potion of might
 j - a potion of ambrosia {unknown}
 o - 3 potions of curing {unknown}
 q - 2 potions of lignification {unknown}
Comestibles
 f - 2 bread rations
 g - a royal jelly
 l - 2 beef jerkies
 m - 2 fruits


   Skills:
 + Level 5.9 Fighting
 - Level 2.0 Maces & Flails
 - Level 3.2 Armour
 - Level 3.2 Shields


You had 3 spell levels left.
You didn't know any spells.

Dungeon Overview and Level Annotations

Branches:
Dungeon (3/15)

Altars:

Annotations:
D:3 Andry07's ghost, amateur GrFi


Innate Abilities, Weirdness & Mutations

You are resistant to torment.
Your stone body is resilient. (AC +3)
You are immune to poison.
You resist negative energy. (rN+)
You are resistant to electric shocks. (rElec)
You can survive without breathing.
You are immune to petrification.
You are immune to rotting.


Message History

You thump Andry07's ghost!
Andry07's ghost is severely damaged.
Andry07's ghost hits you but does no damage.
Your plate armour prevents you from hitting Andry07's ghost.
Andry07's ghost is severely damaged.
You block Andry07's ghost's attack.
You hit Andry07's ghost.
Andry07's ghost is almost destroyed.
Andry07's ghost hits you!
* * * LOW HITPOINT WARNING * * *
Andry07's ghost hits you.
* * * LOW HITPOINT WARNING * * *
You hit Andry07's ghost.
Andry07's ghost is almost destroyed.
Andry07's ghost hits you.
* * * LOW HITPOINT WARNING * * *
You closely miss Andry07's ghost.
Andry07's ghost is almost destroyed.
Andry07's ghost hits you!
You die...

#.# #.# # ..
#.#.#..#.
....###.#.#....
...............
#.# #..# #.#
#..# ###.# #..#
#@#.###..#
#W#..W...#
#.#####.##
#........#
#.....#..#
#######..# #..#
...# ...#


You could see Andry07's ghost.

Vanquished Creatures
  3 gnolls (D:2)
  2 adders
  An ooze (D:1)
  A leopard gecko (D:1)
  An orc (D:2)
  9 bats
  4 giant cockroaches
  6 goblins
  5 hobgoblins
  5 kobolds
  3 quokkas (D:2)
  A ball python (D:2)
  3 frilled lizards
  9 rats
53 creatures vanquished.

Notes
Turn   | Place    | Note
-------+----------+-------------------------------------------
     0 | D:1      | Andry07 the Gargoyle Fighter began the quest for the Orb.
     0 | D:1      | Reached XP level 1. HP: 14/14 MP: 1/1
    97 | D:1      | Reached skill level 4 in Fighting
    97 | D:1      | Reached XP level 2. HP: 14/20 MP: 2/2
   429 | D:1      | Reached XP level 3. HP: 24/24 MP: 3/3
   977 | D:2      | Reached skill level 5 in Fighting
  1117 | D:2      | Reached XP level 4. HP: 21/31 MP: 4/4
  1892 | D:3      | Noticed Andry07's ghost (amateur GrFi)
  2256 | D:3      | Mangled by Andry07's ghost

Skill      XL: |  1  2  3 |
---------------+----------+-----
Fighting       | 4 5 |  5.9
Maces & Flails | |  2.0
Armour         | |  3.2
Shields        | |  3.2

Action                   |  1- 3 |  4- 6 || total
-------------------------+-------+-------++-------
Melee: Flail             |   141 |   102 ||   243
  Eat: Chunk             |       |     5 ||     5
Armor: Plate armour      |   126 |    82 ||   208
       Scale mail        |     5 |       ||     5
Dodge: Dodged            |    21 |    22 ||    43
Block: Shield            |    76 |    58 ||   134
